 Dungeon Crawl Stone Soup version 0.29-a0-416-g83a48905f1 (webtiles) character file.

Game seed: 5061841165157502160

14 Sabo the Insei (level 2, 21/21 HPs)
             Began as a Merfolk Transmuter on May 16, 2022.
             Was a Follower of Trog.
             Got out of the dungeon alive.
             The game lasted 00:04:42 (844 turns).

Sabo the Insei (Merfolk Transmuter)                  Turns: 844, Time: 00:04:42

Health: 21/21      AC:  2    Str: 10    XL:     2   Next: 45%
Magic:  5/5        EV: 12    Int: 12    God:    Trog [*.....]
Gold:   35         SH:  0    Dex: 14    Spells: 4/5 levels left

rFire   . . .      SeeInvis .   c - +2 dagger (flame)
rCold   . . .      Faith    .   (no shield)
rNeg    . . .      Spirit   .   a - +0 robe
rPois   .          Reflect  .   (no helmet)
rElec   .          Harm     .   (no cloak)
rCorr   .          Rampage  .   (no gloves)
Will    .....                   (no boots)
Stlth   +.........              (no amulet)
HPRegen 0.07/turn               (no ring)
MPRegen 0.09/turn               (no ring)

@: no status effects
A: (nimble swimmer 2), mertail
a: Renounce Religion, Berserk


You escaped.
You worshipped Trog.
Trog was aware of your devotion.
You visited 1 branch of the dungeon, and saw 1 of its levels.

You collected 35 gold pieces.

Inventory:

Hand Weapons
 c - a +2 dagger of flaming (weapon)
Missiles
 g - 4 poisoned darts
Armour
 a - a +0 robe (worn)
Jewellery
 e - a ring of ice
Scrolls
 d - a scroll of enchant armour {unknown}
 f - a scroll of identify {unknown}
Potions
 b - a potion of lignification
 h - a potion of curing {unknown}


   Skills:
 + Level 1.1 Fighting
 + Level 2.7 Dodging
 + Level 3.9 Unarmed Combat
 - Level 2.1 Spellcasting
 - Level 2.9 Transmutations


You had 4 spell levels left.
You knew the following spells:

 Your Spells              Type           Power      Damage    Failure   Level
a - Beastly Appendage     Tmut           16%        N/A       9%          1

Your spell library contained the following spells:

 Spells                   Type           Power      Damage    Failure   Level
 Wereblood                Tmut           8%         N/A       12%         2
 Spider Form              Tmut/Pois      4%         N/A       41%         3
 Gell's Gravitas          Tloc           1%         N/A       63%         3
 Lesser Beckoning         Tloc           1%         N/A       63%         3
 Teleport Other           Tloc           1%         N/A       63%         3
 Ice Form                 Ice/Tmut       4%         N/A       82%         4


Dungeon Overview and Level Annotations

Branches:
Dungeon (1/15)

Altars:
Trog

Shops:
D:1 [


Innate Abilities, Weirdness & Mutations

((You are very nimble when in or above water. (Stealth+, EV+, Speed+++)))
Your lower body shifts to a powerful aquatic tail in water.


Message History

There is a stone staircase leading down here.
There is a faded altar of an unknown god here.
You cannot tell which god this altar belongs to.
Convert to them anyway?
Trog accepts your prayer! Trog welcomes you!
You can now go berserk at will.
Found a stone staircase leading down.
A rat comes into view.
A kobold comes into view. It is wielding a +0 whip.
You hit the rat. You burn the rat.
You kill the rat!
Trog accepts your kill.
There is a stone staircase leading down here.
You see here a rat corpse.
The kobold shouts!
Casting: Beastly Appendage (safe; 9% risk of failure)
Confirm with . or Enter, or press ? or * to list all spells.
Casting this spell will place you under penance.
Really cast?
Okay, then.
You hit the kobold. You burn the kobold.
The kobold is heavily wounded.
The kobold hits you but does no damage.
You closely miss the kobold.
The kobold is heavily wounded.
The kobold closely misses you.
You hit the kobold. You burn the kobold.
You kill the kobold!
Trog accepts your kill.
You see here a +0 whip.
There is a stone staircase leading down here.
You see here a rat corpse.
There is a stone staircase leading down here.
You see here a rat corpse.
Your legs become a tail as you enter the water.
Your legs become a tail as you enter the water.
There is an open door here.
There is an open door here.
There is a staircase leading out of the dungeon here.
Are you sure you want to leave the Dungeon?
This will make you lose the game!
You have escaped!

#.#..#....#.♣.P...####...
#.##'###'##...P...# ###.
#.#.......#.......# ##
#.###'##..'.......# #
#.#....#..#......##
#.#....#'##...P..#
#.#....#..#.♣.P..#
#.#....#..#...P..#
#.#....#@.#...P..#
#.#########PPPP..#
#................#
#................#
##..............##
#................########
#.....................†..
#................########
#................#


There were no monsters in sight!

Vanquished Creatures
  A ball python (D:1)
  2 endoplasms (D:1)
  A giant cockroach (D:1)
  3 jackals (D:1)
  A frilled lizard (D:1)
  3 kobolds (D:1)
  2 rats (D:1)
13 creatures vanquished.

Notes
Turn   | Place    | Note
-------+----------+-------------------------------------------
     0 | D:1      | Sabo the Merfolk Transmuter began the quest for the Orb.
     0 | D:1      | Reached XP level 1. HP: 15/15 MP: 3/3
   120 | D:1      | Reached XP level 2. HP: 2/21 MP: 5/5
   699 | D:1      | Found Ubi Mosex's Armour Boutique.
   707 | D:1      | Found a faded altar of an unknown god.
   756 | D:1      | Prayed at the altar of an unknown god.
   756 | D:1      | Became a worshipper of Trog the Wrathful
   756 | D:1      | Reached * piety under Trog
   844 | D:$      | Got out of the dungeon alive.

Illustrated notes

Levels and vault maps discovered:
D:1:      evilmike_arrival_home_sweet_home, layout_rooms, serial_rivers,
          chequers_serial_rivers_micro_b, chequers_serial_rivers_micro_a,
          chequers_serial_rivers_micro_b, chequers_serial_rivers_micro_b,
          chequers_serial_rivers_micro_c, serial_shops, nicolae_shop_waterfront,
          basic_ecumenical_altar

Action                   || total
-------------------------++-------
Melee: Unarmed           ||    21
       Punch             ||     1
       Dagger            ||    10
       Headbutt          ||     2
 Cast: Beastly Appendage ||     5
Armor: Robe              ||     4
Dodge: Dodged            ||    14

Table legend: (Time is in decaauts)
 A = Elapsed time spent in this place.
 B = Non-inter-level travel time spent in this place.
 C = Inter-level travel time spent in this place.
 D = Time resting spent in this place.
 E = Time spent auto-exploring this place.
 F = Levels seen in this place.
 G = Mean time per level.
                   A        B        C        D        E       F      G
               +--------+--------+--------+--------+--------+-----+--------+
         Total |    835 |    835 |      0 |    259 |      0 |   1 |  835.0 |
       Dungeon |    835 |    835 |      0 |    259 |      0 |   1 |  835.0 |
               +--------+--------+--------+--------+--------+-----+--------+

Top non-repeatable levels by time:
     D:1: 835 daAuts
